 Dungeon Crawl Stone Soup version 0.18.1-50-g88ac8fd (webtiles) character file.

25 varam the Sneak (level 2, 13/13 HPs)
             Began as a Spriggan Enchanter on Oct 19, 2016.
             Was a Follower of Okawaru.
             Quit the game on level 2 of the Dungeon.
             The game lasted 00:01:52 (902 turns).

varam the Sneak (Spriggan Enchanter)                 Turns: 902, Time: 00:01:53

Health: 13/13      AC:  3    Str:  4    XL:     2   Next: 86%
Magic:  6/6        EV: 18    Int: 16    God:    Okawaru [*.....]
Gold:   40         SH:  0    Dex: 16    Spells: 2 memorised, 3 levels left

rFire  . . .     SeeInvis +     a - +1 dagger
rCold  . . .     Gourm    .     b - +1 robe
rNeg   . . .     Faith    .     (shield restricted)
rPois  .         Spirit   .     (helmet restricted)
rElec  .         Dismiss  .     (no cloak)
rCorr  .         Reflect  .     (gloves unavailable)
SustAt .         Harm     .     (boots unavailable)
MR     .....                    (no amulet)
Stlth  +++.......               (no ring)
                                (no ring)

@: very quick, not resistant to hostile enchantments, fairly stealthy
A: unfitting armour, see invisible, herbivore 3, speed 3, slow metabolism 2
a: Heroism, Renounce Religion


You were on level 2 of the Dungeon.
You worshipped Okawaru.
Okawaru was aware of your devotion.
You were not hungry.

You visited 1 branch of the dungeon, and saw 2 of its levels.

You collected 40 gold pieces.

Inventory:

Hand Weapons
 a - a +1 dagger (weapon)
Armour
 b - a +1 robe (worn)
Scrolls
 e - a scroll of blinking {unknown}
 f - a scroll of identify {unknown}
 g - a scroll of random uselessness {unknown}
 h - a scroll of teleportation {unknown}
Books
 c - a book of Maledictions

   Spells                             Type                      Level
   a - Corona                         Hexes                        1
   b - Ensorcelled Hibernation        Hexes/Ice                    2
   c - Confuse                        Hexes                        3
   d - Tukima's Dance                 Hexes                        3
   e - Dazzling Spray                 Conjuration/Hexes            3
Comestibles
 d - 2 bread rations


   Skills:
 + Level 2.3 Short Blades
 - Level 3.0 Dodging
 + Level 5.4 Stealth
 - Level 2.6 Spellcasting
 - Level 3.6 Hexes


You had 3 spell levels left.
You knew the following spells:

 Your Spells              Type           Power        Failure   Level  Hunger
a - Ensorcelled Hibernat  Hex/Ice        #.....       17%         2    ##.....
b - Corona                Hex            ##.....      6%          1    #......


Dungeon Overview and Level Annotations

Branches:
Dungeon (2/15)

Altars:
Okawaru


Innate Abilities, Weirdness & Mutations

You are tiny and cannot use many weapons and most armour.
You have supernaturally acute eyesight.
You are a herbivore.
You cover ground extremely quickly.
You need consume almost no food.


Message History

You kill the bat!
No target in view!
No target in view!
A hobgoblin comes into view. It is wielding a club.
h - a scroll labeled ODEAPI KAGEAL
There is a stone staircase leading down here.
You climb downwards.
Found a faded altar to an unknown god.
There is a stone staircase leading up here.
Found a scroll labeled SIAMEI UVYOX and 11 gold pieces.
A kobold comes into view.
The kobold shouts!
There is a faded altar to an unknown god here.
This altar will convert you to a god.
You cannot discern which.
Do you pray?
Okay, then.
This altar will convert you to a god.
You cannot discern which.
Do you pray? Okawaru accepts your prayer! Okawaru welcomes you!
You can now gain great but temporary skills.
Are you sure you want to abandon this character and quit the game? (Confirm with "yes".)

...............
#..#<# # #
#..#.#.# #.
#..#.#.###.#
#.###..........#
###........##....#
.......8....#..#..
##...8.8....?...
##.8.@.8.###..#.
#..8.8..# .#
#....8...# #
#........#
#.#..$##.#
......K. .#
#####.... .. #...#
##


You could see a kobold.

Vanquished Creatures
  An ooze (D:1)
  A goblin (D:1)
  3 hobgoblins (D:1)
  3 jackals (D:1)
  4 bats (D:1)
  2 giant newts (D:1)
  4 kobolds (D:1)
  A rat (D:1)
19 creatures vanquished.

Notes
Turn   | Place    | Note
--------------------------------------------------------------
     0 | D:1      | varam the Spriggan Enchanter began the quest for the Orb.
     0 | D:1      | Reached XP level 1. HP: 9/9 MP: 5/5
   546 | D:1      | Reached skill level 5 in Stealth
   546 | D:1      | Reached XP level 2. HP: 8/13 MP: 4/6
   564 | D:1      | Learned a level 2 spell: Ensorcelled Hibernation
   894 | D:2      | Found a faded altar to an unknown god.
   902 | D:2      | Became a worshipper of Warmaster Okawaru
   902 | D:2      | Reached * piety under Okawaru
   902 | D:2      | Quit the game

Skill      XL: |  1  2 |
---------------+-------+-----
Stealth        | 5 |  5.4
Short Blades   | 2 |  2.3
Dodging        | |  3.0
Spellcasting   | |  2.6
Hexes          | |  3.6

Action                   || total
-------------------------++-------
Melee: Dagger            ||    47
 Cast: Corona            ||     5
       Ensorcelled Hiber ||     6
 Stab: Sleeping          ||    10
Armor: Robe              ||     7
Dodge: Dodged            ||    33
